 Dungeon Crawl Stone Soup version 0.20-a0-555-gf6ae02d (webtiles) character file.

11591 Devintownsend the Cleaver (level 11, -6/102 HPs)
             Began as a Minotaur Fighter on Feb 3, 2017.
             Was a High Priest of Okawaru.
             Mangled by a komodo dragon (22 damage)
             ... on level 10 of the Dungeon.
             The game lasted 00:39:55 (10231 turns).

Devintownsend the Cleaver (Minotaur Fighter)       Turns: 10231, Time: 00:39:56

Health: -6/102     AC: 12    Str: 24    XL:     11   Next: 51%
Magic:  10/10      EV: 10    Int:  5    God:    Okawaru [*****.]
Gold:   546        SH:  0    Dex: 10    Spells: 10/10 levels left

rFire    + . .     SeeInvis .   X - +1 battleaxe (chop)
rCold    . . .     Gourm    .   b - +0 scale mail
rNeg     . . .     Faith    .   (shield currently unavailable)
rPois    .         Spirit   .   (helmet restricted)
rElec    .         Reflect  .   d - +0 cloak
rCorr    .         Harm     .   W - +0 pair of gloves
MR       +....                  (no boots)
Stlth    ..........             (no amulet)
Regen    0.3/turn               j - ring of protection from fire
                                i - ring of protection from magic

@: starving
A: retaliatory headbutt, horns 2
a: Heroism, Finesse, Renounce Religion


You were on level 10 of the Dungeon.
You worshipped Okawaru.
Okawaru was extremely pleased with you.
You were starving.

You visited 2 branches of the dungeon, and saw 12 of its levels.

You collected 636 gold pieces.
You spent 90 gold pieces at shops.

Inventory:

Hand Weapons
 a - a +0 war axe
 D - a +3 hand axe of freezing
 P - the +0 dagger of Popular Demand {pierce, rElec rPois MP-9}
   (You found it on level 8 of the Dungeon)

   It inflicts extra damage upon your enemies.
   It insulates you from electricity.
   It protects you from poison.
   It affects your magic capacity (-9).
 S - a +2 mace of protection
 X - a +1 battleaxe of chopping (weapon)
Armour
 b - a +0 scale mail (worn)
 c - a +0 shield
 d - a +0 cloak (worn)
 g - a +0 robe of cold resistance
 T - a +0 plate armour
 W - a +0 pair of gloves (worn)
Jewellery
 i - a ring of protection from magic (left hand)
 j - a ring of protection from fire (right hand)
 o - an uncursed ring of flight
 Y - an uncursed ring of magical power {unknown}
Wands
 m - a wand of acid (11/15)
 F - a wand of confusion (22/48)
 G - a wand of digging (7/24)
 I - a wand of flame (14/48)
 M - a wand of polymorph (15/24)
 R - a wand of confusion (12/48)
 U - a wand of flame (20/48)
Scrolls
 h - 10 scrolls of identify
 k - 5 scrolls of enchant armour
 l - 4 scrolls of teleportation
 t - 4 scrolls of immolation {unknown}
 w - 2 scrolls of recharging
 y - 4 scrolls of magic mapping {unknown}
 H - a scroll of fog {unknown}
 K - a scroll of random uselessness {unknown}
 N - a scroll of torment {unknown}
Potions
 e - 3 potions of resistance {unknown}
 n - 4 potions of magic {unknown}
 q - a potion of cure mutation
 r - 2 potions of flight {unknown}
 s - 4 potions of curing
 v - 3 potions of cancellation {unknown}
 z - 3 potions of brilliance {unknown}
 A - a potion of degeneration {unknown}
 B - 2 potions of haste
 C - 2 potions of mutation
 O - a potion of invisibility {unknown}
 Q - 2 potions of lignification {unknown}
Books
 E - a book of Flames

   Spells                             Type                      Level
   a - Flame Tongue                   Conjuration/Fire             1
   b - Throw Flame                    Conjuration/Fire             2
   c - Conjure Flame                  Conjuration/Fire             3
   d - Inner Flame                    Hexes/Fire                   3
   e - Sticky Flame                   Conjuration/Fire             4
   f - Fireball                       Conjuration/Fire             5
 L - a book of Clouds

   Spells                             Type                      Level
   a - Poisonous Vapours              Poison/Air                   2
   b - Mephitic Cloud                 Conjuration/Poison/Air       3
   c - Conjure Flame                  Conjuration/Fire             3
   d - Freezing Cloud                 Conjuration/Ice/Air          6
   e - Ring of Flames                 Charms/Fire                  7
 V - a book of Maledictions

   Spells                             Type                      Level
   a - Corona                         Hexes                        1
   b - Ensorcelled Hibernation        Hexes/Ice                    2
   c - Confuse                        Hexes                        3
   d - Tukima's Dance                 Hexes                        3
   e - Dazzling Spray                 Conjuration/Hexes            3
Comestibles
 f - 8 bread rations
 u - 18 fruits
 x - 6 meat rations
 J - 5 royal jellies


   Skills:
 + Level 11.5 Fighting
 + Level 14.0(14.1) Axes
 - Level 2.0(9.6) Maces & Flails
 + Level 12.2 Armour
 - Level 4.2 Shields


You had 10 spell levels left.
You didn't know any spells.

Dungeon Overview and Level Annotations

Branches:
Dungeon (11/15)            Temple (1/1) D:7            Lair (0/6) D:9
    Orc: D:9-12

Altars:
Ashenzari
Cheibriados
Dithmenos
Elyvilon
Fedhas
Gozag
Hepliaklqana
Kikubaaqudgha
Makhleb
Nemelex Xobeh
Okawaru
Qazlal
Ru
Sif Muna
Trog
Uskayaw
Vehumet
Xom
Yredelemnul
Zin
The Shining One

Shops:
D:5 !   D:8 [   D:9 *


Innate Abilities, Weirdness & Mutations

You reflexively headbutt those who attack you in melee.
You have a pair of horns on your head.


Message History

Something hits you.
* * * LOW HITPOINT WARNING * * *
The howler monkey completely misses you.
You furiously retaliate!
You headbutt the howler monkey!!
The komodo dragon bites you but does no damage.
You climb upwards.
There is a stone staircase leading down here.
Something hits you.
* * * LOW HITPOINT WARNING * * *
The howler monkey hits you but does no damage.
Something hits you but does no damage. Something hits you but does no damage.
Something hits you but does no damage. Something hits you.
* * * LOW HITPOINT WARNING * * *
You feel a little less mighty now.
The howler monkey hoots and howls with incredible vigour!
The howler monkey hoots and howls with incredible vigour!
The komodo dragon bites you!!
You die...

........#################........
........................'....>...
........##.#####.########........
........##..# #.# #........
.....[..###.## #.# ##.(......
........# #..# #.# #.........
######### ##.###.# #.........
#..##.# #......... ##.##@#
#........) #..#l# #.........
########.#.# ######'###
#......#.#h##########...# ##
#.(....+............'...# .#
##.##...##.....#######...# .#
#...#.......##.# #...#
.#####.P.#(.....>...# #...#
.....#...#......##### #...#


You could see a komodo dragon and a howler monkey.

Vanquished Creatures
  A hydra (D:10)
  A centaur warrior (D:10)
  2 two-headed ogres
  3 unseen horrors (D:10)
  Pikel (D:4)
  A gargoyle (D:10)
  2 dream sheep (D:10)
  A hippogriff (D:5)
  7 yaks (D:10)
  2 orc warriors
  2 ice beasts (D:10)
  A sky beast (D:9)
  4 phantoms
  2 necrophages
  6 ogres
  A crocodile (D:10)
  2 centaurs (D:6)
  3 big kobolds (D:10)
  11 bullfrogs
  Blork the orc (D:6)
  A water moccasin skeleton (D:9)
  16 killer bees (D:9)
  3 scorpions (D:4)
  3 wights (D:6)
  2 howler monkeys
  3 crimson imps
  3 jellies
  A quasit (D:10)
  12 orc wizards
  3 hounds
  3 bullfrog skeletons (D:6)
  3 orc priests
  Crazy Yiuf (D:2)
  2 centaur skeletons
  Jessica (D:2)
  2 iguanas
  5 worker ants
  A hound skeleton (D:7)
  Robin (D:2)
  A howler monkey skeleton (D:9)
  13 adders
  2 shadow imps
  3 oozes
  2 adder zombies
  3 adder skeletons
  A worm (D:2)
  4 dart slugs
  2 leopard geckos
  28 orcs
  4 bats
  7 giant cockroaches
  8 hobgoblins
  5 jackals
  2 quokkas
  A ball python skeleton (D:3)
  4 frilled lizards
  19 goblins
  8 kobolds
  A quokka skeleton (D:8)
  2 quokka zombies (D:5)
  7 rats
  A bush (D:10)
248 creatures vanquished.

Notes
Turn   | Place    | Note
-------+----------+-------------------------------------------
     0 | D:1      | Devintownsend the Minotaur Fighter began the quest for the Orb.
     0 | D:1      | Reached XP level 1. HP: 19/19 MP: 0/0
   159 | D:1      | Reached XP level 2. HP: 25/27 MP: 1/1
   685 | D:2      | Noticed Jessica
   688 | D:2      | Killed Jessica
   688 | D:2      | Reached skill level 3 in Axes
   688 | D:2      | Reached XP level 3. HP: 33/33 MP: 2/2
   852 | D:2      | Reached XP level 4. HP: 39/40 MP: 3/3
   907 | D:2      | Noticed Robin
   919 | D:2      | Killed Robin
  1275 | D:2      | Reached skill level 4 in Axes
  1391 | D:2      | Found a runed door.
  1538 | D:2      | Noticed Crazy Yiuf
  1540 | D:2      | Killed Crazy Yiuf
  1540 | D:2      | Reached XP level 5. HP: 47/47 MP: 4/4
  1771 | D:3      | Found a sparkling altar of Nemelex Xobeh.
  1771 | D:3      | Found a shadowy altar of Dithmenos.
  1988 | D:3      | Reached skill level 5 in Armour
  2013 | D:3      | Reached skill level 5 in Axes
  2297 | D:4      | Noticed an ogre
  2302 | D:4      | Killed an ogre
  2302 | D:4      | Reached XP level 6. HP: 30/55 MP: 5/5
  2352 | D:4      | Reached skill level 5 in Fighting
  2352 | D:4      | Reached skill level 6 in Axes
  2488 | D:4      | Reached XP level 7. HP: 54/61 MP: 6/6
  2572 | D:4      | Noticed Pikel
  2595 | D:4      | Reached skill level 7 in Axes
  2599 | D:4      | HP: 2/61 [Pikel/whip of flaming (3)]
  2603 | D:4      | Killed Pikel
  2603 | D:4      | Reached skill level 8 in Axes
  2603 | D:4      | Reached XP level 8. HP: 16/70 MP: 7/7
  2655 | D:5      | Entered Level 5 of the Dungeon
  2830 | D:5      | Found a white marble altar of Elyvilon.
  3202 | D:5      | Noticed a hippogriff
  3215 | D:5      | Killed a hippogriff
  3215 | D:5      | Reached skill level 9 in Axes
  3239 | D:5      | Found Ucseg's Distillery.
  3277 | D:5      | Bought a potion of heal wounds for 60 gold pieces
  3277 | D:5      | Bought a potion of mutation for 30 gold pieces
  3322 | D:5      | Found a bloodstained altar of Trog.
  3935 | D:6      | Found a snail-covered altar of Cheibriados.
  4109 | D:6      | Reached skill level 10 in Axes
  4340 | D:6      | Noticed Blork the orc
  4357 | D:6      | Reached XP level 9. HP: 52/79 MP: 8/8
  4358 | D:6      | Killed Blork the orc
  4703 | D:7      | Found a staircase to the Ecumenical Temple.
  4731 | Temple   | Entered the Ecumenical Temple
  4759 | Temple   | Became a worshipper of Warmaster Okawaru
  5061 | D:7      | Found a stormy altar of Qazlal.
  5259 | D:7      | Reached skill level 11 in Axes
  5347 | D:7      | Found a shattered altar of Ashenzari.
  5352 | D:7      | Found a shimmering altar of Xom.
  5437 | D:7      | Found a burning altar of Makhleb.
  5555 | D:8      | Got an iridescent dagger
  5571 | D:8      | Found Cihiolisch's Armour Emporium.
  5583 | D:8      | Identified the cursed +0 dagger of Popular Demand {pierce, rElec rPois MP-9} (You found it on level 8 of the Dungeon)
  5760 | D:8      | Found a glowing silver altar of Zin.
  6629 | D:8      | Upgraded the game from 0.20-a0-553-g9f38e11 to 0.20-a0-555-gf6ae02d
  6761 | D:9      | Reached * piety under Okawaru
  6806 | D:9      | HP: 2/82 [killer bee (7)]
  7118 | D:9      | Found a staircase to the Lair.
  7419 | D:9      | Noticed a two-headed ogre
  7430 | D:9      | Killed a two-headed ogre
  7430 | D:9      | Reached ** piety under Okawaru
  7430 | D:9      | Reached skill level 12 in Axes
  7430 | D:9      | Reached skill level 10 in Armour
  7430 | D:9      | Reached XP level 10. HP: 27/91 MP: 9/9
  7723 | D:9      | Found Ejues's Assorted Antiques.
  7787 | D:9      | Reached *** piety under Okawaru
  8076 | D:9      | Found a white marble altar of Elyvilon.
  8079 | D:9      | Found an opulent altar of Gozag.
  8089 | D:9      | Found a hazy altar of Hepliaklqana.
  8108 | D:10     | Entered Level 10 of the Dungeon
  8119 | D:10     | Noticed a centaur warrior
  8136 | D:10     | Killed a centaur warrior
  8136 | D:10     | Reached skill level 10 in Fighting
  8512 | D:10     | Found a white marble altar of Elyvilon.
  8528 | D:10     | Noticed a two-headed ogre
  8533 | D:10     | Noticed a gargoyle
  8537 | D:10     | Killed a two-headed ogre
  8549 | D:10     | HP: 3/94 [gargoyle/stone arrow (13)]
  8551 | D:10     | Killed a gargoyle
  8551 | D:10     | Reached **** piety under Okawaru
  8920 | D:10     | Reached skill level 13 in Axes
  8945 | D:10     | Reached XP level 11. HP: 57/101 MP: 10/10
  8985 | D:10     | Noticed a two-headed hydra
  8993 | D:10     | Killed a two-headed hydra
  9331 | D:10     | Killed an unseen horror
  9331 | D:10     | Reached skill level 1 in Maces & Flails
  9355 | D:10     | Reached ***** piety under Okawaru
  9560 | D:10     | Killed an unseen horror
  9850 | D:10     | Received a gift from Okawaru
 10194 | D:10     | HP: 5/102 [something (1)]
 10195 | D:10     | HP: 1/102 [something (4)]
 10198 | D:10     | Killed an unseen horror
 10198 | D:10     | Reached skill level 14 in Axes
 10231 | D:10     | Mangled by a komodo dragon

Vault maps used:
D:1:      dpeg_arrival_ternary
D:2:      first_bread, minivault_14, uniq_jessica, uniq_crazy_yiuf_cottage,
          uniq_robin
D:3:      minmay_diamond_boxcup, chequers_temple_overflow_statue_of_worship,
          hangedman_decor_growths
D:4:      grunt_ministairs_15, uniq_pikel
D:5:      lightli_temple_of_fire, serial_shops, shop, basic_altar
D:6:      lemuel_crystal_altar, uniq_blork_the_orc
D:7:      lemuel_doored_altar, overflow_temple_1_default, minitemple,
          temple_green
D:8:      marbit_many_paths, serial_shops, nicolae_shop_statue_plus
D:9:      grunt_temple_overflow_diamond, lair_entry_dummy, serial_shops,
          nicolae_shop_behind_doors
D:10:     hangedman_ranch, elyvilon_altar_1
D:11:     minmay_glassy_protrusions, serial_shops, shop, uniq_maurice,
          uniq_erica
Temple:   jpeg_temple_island

Skill      XL: |  1  2  3  4  5  6  7  8  9 10 11 |
---------------+----------------------------------+-----
Shields        | 4 |  4.2
Fighting       | 4 5 6 7 9 10 11 | 11.5
Axes           | 3 4 5 6 8 10 12 13 14 | 14.0
Armour         | 4 5 6 7 10 11 12 | 12.2
Maces & Flails | 2 |  2.0

Action                   |  1- 3 |  4- 6 |  7- 9 | 10-12 || total
-------------------------+-------+-------+-------+-------++-------
Melee: War axe           |    72 |   159 |    89 |       ||   320
       Headbutt          |     8 |    17 |    74 |    59 ||   158
       Hand axe          |       |       |   205 |   229 ||   434
       Dagger            |       |       |   133 |       ||   133
       Battleaxe         |       |       |       |    32 ||    32
       Mace              |       |       |       |    12 ||    12
  Use: Potion            |     2 |     1 |     5 |     5 ||    13
       Scroll            |     2 |       |     5 |       ||     7
  Eat: Chunk             |       |     5 |    12 |     7 ||    24
       Bread ration      |       |       |     1 |       ||     1
Armor: Scale mail        |    40 |    67 |   160 |   136 ||   403
Dodge: Dodged            |    26 |    50 |   119 |    46 ||   241
Block: Shield            |    57 |    89 |   191 |    77 ||   414
